[Event "XX Gran Hotel Bali-B 2023"]
[Site "Benidorm"]
[Date "2023.12.04"]
[Round "4.5"]
[White "Tejedor Barber, Lorenzo"]
[Black "Gyaneshwar B"]
[Result "1/2-1/2"]
[ECO "B55"]
[WhiteElo "1951"]
[BlackElo "1712"]
[Annotator "NA RC"]
[PlyCount "96"]
[EventDate "2023.12.02"]
[EventType "swiss"]
[EventCountry "ESP"]
[SourceTitle "playchess.com"]
[Source "ChessBase"]
[SourceQuality "1"]
[TimeControl "5400+30"]

1. e4 c5 2. Nf3 d6 3. d4 cxd4 4. Nxd4 Nf6 5. f3 e5 6. Bb5+ Bd7 7. Bxd7+ Qxd7 8. Nf5 h6 9. c4 g6 10. Ne3 Nc6 11. Nc3 Nd4 12. Ned5 Nxd5 13. Nxd5 Bg7 14. Be3 Rc8 15. Rc1 Kf8 16. O-O Kg8 17. f4 Kh7 18. f5 gxf5 19. Bxd4 exd4 20. Rxf5 Qe6 21. Qf3 Rhf8 22. b3 b5 23. Nf4 Qd7 24. Nh5 bxc4 25. bxc4 Qe6 26. Nxg7 Kxg7 27. Rd5 Rc5 28. Rxd4 Rfc8 29. Qg3+ Kh7 30. Qd3 Qe5 31. Rf1 R8c7 32. Rf5 Qe6 33. Rfd5 Rxd5 34. Rxd5 Kg7 35. Qd4+ Kh7 36. Rxd6 Rxc4 37. Rxe6 Rxd4 38. Re7 Kg6 39. Rxa7 Rxe4 40. Kf2 Rb4 41. Ra8 Rb1 42. h3 Rb2+ 43. Kg3 Rc2 44. a4 Ra2 45. a5 Kg7 46. a6 Ra4 47. a7 Ra2 48. Kf4 Ra1 1/2-1/2

[Event "XX Gran Hotel Bali-B 2023"]
[Site "Benidorm"]
[Date "2023.12.04"]
[Round "4.6"]
[White "Martinez Herranz, Francisco Jose"]
[Black "Castillo Garcia, Adrian"]
[Result "1/2-1/2"]
[ECO "E65"]
[WhiteElo "1923"]
[BlackElo "1974"]
[Annotator "NA RC"]
[PlyCount "39"]
[EventDate "2023.12.02"]
[EventType "swiss"]
[EventCountry "ESP"]
[SourceTitle "playchess.com"]
[Source "ChessBase"]
[SourceQuality "1"]
[TimeControl "5400+30"]

1. d4 Nf6 2. Nf3 g6 3. g3 Bg7 4. Bg2 O-O 5. O-O d6 6. c4 Nbd7 7. Nc3 c5 8. d5 a6 9. a4 Rb8 10. e4 Ne8 11. Qe2 Nc7 12. Bf4 f6 13. h3 Qe8 14. Be3 Ne5 15. Nxe5 fxe5 16. b3 Bd7 17. Kh2 Kh8 18. Ra2 Rf7 19. Qd2 Qg8 20. Rh1 1/2-1/2

[Event "XX Gran Hotel Bali-B 2023"]
[Site "Benidorm"]
[Date "2023.12.04"]
[Round "4.7"]
[White "Stanchev, Aleksandar"]
[Black "Golatkar Aditya"]
[Result "1/2-1/2"]
[ECO "D02"]
[WhiteElo "1948"]
[BlackElo "1349"]
[Annotator "NA RC"]
[PlyCount "59"]
[EventDate "2023.12.02"]
[EventType "swiss"]
[EventCountry "ESP"]
[SourceTitle "playchess.com"]
[Source "ChessBase"]
[SourceQuality "1"]
[TimeControl "5400+30"]

1. Nf3 d5 2. g3 Nf6 3. Bg2 e6 4. O-O Bd6 5. d4 O-O 6. Nbd2 b6 7. b3 Nbd7 8. Bb2 Bb7 9. Ne5 c5 10. Nxd7 Qxd7 11. dxc5 bxc5 12. e4 d4 13. f4 e5 14. f5 Ba6 15. Re1 Qc7 16. Bf1 Bb7 17. Bd3 a5 18. a4 Nd7 19. Qf3 Be7 20. Bc1 Ba6 21. Nc4 Bxc4 22. Bxc4 Nb6 23. Qf1 Nxc4 24. Qxc4 Qb6 25. Bd2 Rfd8 26. Red1 Qc6 27. Re1 Qa6 28. Rab1 Rdb8 29. Qd5 Qd6 30. Qc4 1/2-1/2

[Event "XX Gran Hotel Bali-B 2023"]
[Site "Benidorm"]
[Date "2023.12.04"]
[Round "4.8"]
[White "Bethencourt Hernandez, Alberto"]
[Black "Lorenzo Calvo, Damian Angel"]
[Result "0-1"]
[ECO "B31"]
[WhiteElo "1869"]
[BlackElo "1947"]
[Annotator "NA RC"]
[PlyCount "96"]
[EventDate "2023.12.02"]
[EventType "swiss"]
[EventCountry "ESP"]
[SourceTitle "playchess.com"]
[Source "ChessBase"]
[SourceQuality "1"]
[TimeControl "5400+30"]

1. e4 c5 2. Nf3 Nc6 3. Bb5 g6 4. O-O Bg7 5. Re1 e5 6. Bxc6 dxc6 7. d3 Qd6 8. a4 Nf6 9. Na3 Be6 10. Ng5 O-O 11. Nxe6 Qxe6 12. Nc4 b6 13. Qe2 Rae8 14. f3 Nd7 15. Be3 f5 16. Bf2 f4 17. Nd2 Rf7 18. a5 Bf8 19. axb6 axb6 20. Ra6 g5 21. Nc4 b5 22. Na5 Nb8 23. Ra8 h5 24. Nb3 Nd7 25. Rxe8 Qxe8 26. Ra1 Rg7 27. c3 g4 28. d4 c4 29. Nd2 Qg6 30. Ra6 Qd6 31. d5 Nb8 32. Rb6 g3 33. hxg3 fxg3 34. Be3 Ra7 35. dxc6 Nxc6 36. Rxb5 Ra1+ 37. Nf1 Na5 38. Rb6 Qd3 39. Qxd3 cxd3 40. Rg6+ Kf7 41. Rxg3 Nc4 42. Bg5 d2 43. Bxd2 Nxd2 44. Rg5 Rxf1+ 45. Kh2 h4 46. Kh3 Bg7 47. Rf5+ Bf6 48. Kg4 Nc4 0-1

[Event "XX Gran Hotel Bali-B 2023"]
[Site "Benidorm"]
[Date "2023.12.04"]
[Round "4.9"]
[White "Fabre Massana, Miquel"]
[Black "Romera Carrion, Ruben"]
[Result "1-0"]
[ECO "B28"]
[WhiteElo "1982"]
[BlackElo "1883"]
[Annotator "NA RC"]
[PlyCount "89"]
[EventDate "2023.12.02"]
[EventType "swiss"]
[EventCountry "ESP"]
[SourceTitle "playchess.com"]
[Source "ChessBase"]
[SourceQuality "1"]
[TimeControl "5400+30"]

1. e4 c5 2. Nf3 a6 3. c4 Nc6 4. d4 cxd4 5. Nxd4 Nf6 6. Nc3 e5 7. Nc2 h6 8. Be3 Be7 9. Nd5 Nxd5 10. cxd5 Qa5+ 11. Bd2 Nb4 12. Ne3 Qb6 13. a3 Qd4 14. Bxb4 Bxb4+ 15. axb4 Qxb4+ 16. Qd2 Qxe4 17. Qd3 Qb4+ 18. Qc3 Qe7 19. Qa3 Qxa3 20. Rxa3 d6 21. Bd3 Ke7 22. Kd2 Bd7 23. Rc1 g6 24. Rac3 f5 25. Nc4 Rac8 26. Na5 Rxc3 27. Rxc3 e4 28. Be2 b6 29. Nc6+ Kf6 30. Bxa6 Ra8 31. Ra3 Re8 32. Bb5 f4 33. Nd4 Bxb5 34. Nxb5 Ke5 35. Ra4 e3+ 36. fxe3 fxe3+ 37. Ke2 Rf8 38. Kxe3 Kxd5 39. Rd4+ Kc5 40. Nxd6 Rf1 41. Ne4+ Kb5 42. Rd6 Re1+ 43. Kf3 Rh1 44. h3 Rf1+ 45. Ke2 1-0

[Event "XX Gran Hotel Bali-B 2023"]
[Site "Benidorm"]
[Date "2023.12.04"]
[Round "4.10"]
[White "Tudela Gonzalez, Victor"]
[Black "Conde Chamizo, Pablo"]
[Result "1/2-1/2"]
[ECO "D36"]
[WhiteElo "1957"]
[BlackElo "1905"]
[Annotator "NA RC"]
[PlyCount "72"]
[EventDate "2023.12.02"]
[EventType "swiss"]
[EventCountry "ESP"]
[SourceTitle "playchess.com"]
[Source "ChessBase"]
[SourceQuality "1"]
[TimeControl "5400+30"]

1. d4 Nf6 2. c4 e6 3. Nc3 d5 4. cxd5 exd5 5. Bg5 Nbd7 6. e3 Be7 7. Bd3 c6 8. Qc2 O-O 9. h3 Re8 10. Nf3 Ne4 11. Bxe4 Bxg5 12. Bxh7+ Kh8 13. h4 Bh6 14. Bd3 Nf6 15. Ne5 Kg8 16. O-O-O c5 17. Nf3 c4 18. Bf5 Ng4 19. Bxg4 Bxg4 20. Ne5 Bxd1 21. Qxd1 Rxe5 22. dxe5 d4 23. Ne2 dxe3 24. Qxd8+ Rxd8 25. f4 Rd2 26. Re1 f6 27. g4 g5 28. hxg5 fxg5 29. f5 Bf8 30. Ng3 c3 31. bxc3 Ba3+ 32. Kb1 Rb2+ 33. Ka1 Rb5 34. Rxe3 Bb2+ 35. Kb1 Bxc3+ 36. Kc2 Bxe5 1/2-1/2

[Event "XX Gran Hotel Bali-B 2023"]
[Site "Benidorm"]
[Date "2023.12.04"]
[Round "4.11"]
[White "Rojas Fernandez, Andres"]
[Black "Navarro Rico, Lluis"]
[Result "0-1"]
[ECO "B24"]
[WhiteElo "1831"]
[BlackElo "1937"]
[Annotator "NA"]
[PlyCount "132"]
[EventDate "2023.12.02"]
[EventType "swiss"]
[EventCountry "ESP"]
[SourceTitle "playchess.com"]
[Source "ChessBase"]
[SourceQuality "1"]
[TimeControl "5400+30"]

1. e4 c5 2. Nc3 e6 3. g3 Nc6 4. Bg2 Nge7 5. d3 Nd4 6. Nge2 Nec6 7. Nxd4 cxd4 8. Ne2 Bc5 9. O-O O-O 10. f4 f5 11. Kh1 b5 12. c3 Qb6 13. cxd4 Bxd4 14. Nxd4 Qxd4 15. Qe2 Qd6 16. e5 Qc7 17. Be3 Bb7 18. Rfc1 Rfc8 19. Rc2 Qa5 20. b3 Qa6 21. Bc5 Na5 22. Rac1 Bc6 23. d4 Qb7 24. Qd2 Bxg2+ 25. Qxg2 Kf7 26. Qxb7 Nxb7 27. b4 Rc6 28. Rd2 Rac8 29. Rcd1 Ra6 30. h3 Ra3 31. Kg2 h5 32. Rf1 Rc6 33. Rff2 Ke8 34. d5 exd5 35. Rxd5 Rg6 36. Rf3 Rxa2+ 37. Bf2 a6 38. Rfd3 Rc6 39. Kf3 Rcc2 40. Bb6 Rc6 41. Be3 d6 42. exd6 Kd7 43. Rxf5 Rxd6 44. Rc3 Nd8 45. Rxh5 g6 46. Rh7+ Ke6 47. Bc5 Rdd2 48. Re3+ Kd5 49. Rg7 a5 50. Rxg6 a4 51. Rc3 Ne6 52. f5 Nd4+ 53. Bxd4 Kxd4 54. Rc5 Rd3+ 55. Kf4 Rf2+ 56. Kg4 Ke3 57. Rxb5 Rd4+ 58. Kg5 Kf3 59. Kh6 a3 60. Ra5 a2 61. Rga6 Kxg3 62. Ra3+ Kh4 63. Rxa2 Rxf5 64. R6a5 Rf6+ 65. Kg7 Rb6 66. b5 Rd7+ 0-1

[Event "XX Gran Hotel Bali-B 2023"]
[Site "Benidorm"]
[Date "2023.12.04"]
[Round "4.12"]
[White "Medina Romero, Jose"]
[Black "Perez Tomas, Juan Manuel"]
[Result "1-0"]
[ECO "E14"]
[WhiteElo "1963"]
[BlackElo "1871"]
[Annotator "NA RC"]
[PlyCount "35"]
[EventDate "2023.12.02"]
[EventType "swiss"]
[EventCountry "ESP"]
[SourceTitle "playchess.com"]
[Source "ChessBase"]
[SourceQuality "1"]
[TimeControl "5400+30"]

1. d4 d5 2. Nf3 e6 3. e3 Nf6 4. Bd3 b6 5. O-O Bb7 6. c4 c5 7. cxd5 Nxd5 8. Nc3 cxd4 9. Nxd5 Qxd5 10. e4 Qd8 11. Bb5+ Bc6 12. Nxd4 Bd7 13. Qg4 Qf6 14. e5 Qxe5 15. Qf3 Bd6 16. Bxd7+ Nxd7 17. Qxa8+ Ke7 18. Nc6+ 1-0

[Event "XX Gran Hotel Bali-B 2023"]
[Site "Benidorm"]
[Date "2023.12.04"]
[Round "5.2"]
[White "Lloret Climent, Miguel"]
[Black "Vladut, Matei"]
[Result "0-1"]
[ECO "A35"]
[WhiteElo "1954"]
[BlackElo "1989"]
[Annotator "NA"]
[PlyCount "78"]
[EventDate "2023.12.02"]
[EventType "swiss"]
[EventCountry "ESP"]
[SourceTitle "playchess.com"]
[Source "ChessBase"]
[SourceQuality "1"]
[TimeControl "5400+30"]

1. d4 g6 2. c4 Bg7 3. Nf3 c5 4. Nc3 cxd4 5. Nxd4 Nc6 6. e3 Nf6 7. Be2 Nxd4 8. exd4 d5 9. c5 O-O 10. Bf3 b6 11. cxb6 Qxb6 12. O-O e6 13. b3 Ba6 14. Re1 Nd7 15. Be3 Rfc8 16. Na4 Qa5 17. Be2 Rc6 18. Bxa6 Qxa6 19. Qd2 Rac8 20. Rac1 h5 21. h3 R8c7 22. Rxc6 Rxc6 23. Rc1 Nb8 24. Nc5 Qa3 25. b4 Bf8 26. Rb1 Bxc5 27. dxc5 a6 28. Bd4 Nd7 29. Qg5 Qd3 30. Qd8+ Nf8 31. Qf6 Qxb1+ 32. Kh2 e5 33. Qxe5 f6 34. Qxd5+ Re6 35. c6 Qe4 36. Qxe4 Rxe4 37. c7 Re8 38. Bxf6 Rc8 39. Be5 Ne6 0-1

[Event "XX Gran Hotel Bali-B 2023"]
[Site "Benidorm"]
[Date "2023.12.04"]
[Round "5.3"]
[White "Lorenzo Calvo, Damian Angel"]
[Black "Fabre Massana, Miquel"]
[Result "1/2-1/2"]
[ECO "E06"]
[WhiteElo "1947"]
[BlackElo "1982"]
[Annotator "NA"]
[PlyCount "34"]
[EventDate "2023.12.02"]
[EventType "swiss"]
[EventCountry "ESP"]
[SourceTitle "playchess.com"]
[Source "ChessBase"]
[SourceQuality "1"]
[TimeControl "5400+30"]

1. d4 d5 2. c4 c6 3. Nf3 e6 4. g3 dxc4 5. Bg2 Nf6 6. Ne5 Nbd7 7. Nxc4 Be7 8. O-O O-O 9. Nc3 Nb6 10. Ne5 a6 11. Be3 Nbd5 12. Nxd5 Nxd5 13. Bd2 Bd7 14. e4 Nf6 15. Bc3 Rc8 16. Qb3 b5 17. Bb4 c5 1/2-1/2

[Event "XX Gran Hotel Bali-B 2023"]
[Site "Benidorm"]
[Date "2023.12.04"]
[Round "5.4"]
[White "Navarro Rico, Lluis"]
[Black "Martinez Herranz, Francisco Jose"]
[Result "1-0"]
[ECO "B08"]
[WhiteElo "1937"]
[BlackElo "1923"]
[Annotator "NA RC"]
[PlyCount "107"]
[EventDate "2023.12.02"]
[EventType "swiss"]
[EventCountry "ESP"]
[SourceTitle "playchess.com"]
[Source "ChessBase"]
[SourceQuality "1"]
[TimeControl "5400+30"]

1. Nf3 d6 2. d4 Nf6 3. Nc3 g6 4. e4 Bg7 5. Be2 O-O 6. O-O c6 7. a4 Qc7 8. h3 e5 9. dxe5 dxe5 10. Bc4 h6 11. Be3 b6 12. Qc1 Kh7 13. a5 b5 14. Bd3 Bb7 15. Rd1 a6 16. Bc5 Re8 17. Bf1 Nbd7 18. Bd6 Qc8 19. Qe3 Re6 20. b4 Ne8 21. Bc5 Nxc5 22. bxc5 Qc7 23. Nd2 Rd8 24. Nb3 Re7 25. Rxd8 Qxd8 26. Rd1 Rd7 27. Rxd7 Qxd7 28. Na2 Nc7 29. Nb4 Bf8 30. Qg3 Bg7 31. Nd3 Qe7 32. f3 Bc8 33. Nb4 Bb7 34. Qe1 Ne6 35. Qc3 Nd4 36. Nd3 Qg5 37. Kf2 Qh4+ 38. g3 Qf6 39. Nxd4 exd4 40. Qd2 g5 41. Bg2 Bc8 42. Kg1 Qe7 43. f4 Kg8 44. e5 Bf5 45. Qb4 Qd7 46. Qd2 Bxh3 47. fxg5 Bxg2 48. gxh6 Bd5 49. Qg5 f5 50. exf6 Qf7 51. hxg7 Qe6 52. Ne5 Qh3 53. f7+ Bxf7 54. Nxf7 1-0

[Event "XX Gran Hotel Bali-B 2023"]
[Site "Benidorm"]
[Date "2023.12.04"]
[Round "5.5"]
[White "Gimeno Simo, Sergio"]
[Black "Medina Romero, Jose"]
[Result "1-0"]
[ECO "C41"]
[WhiteElo "1845"]
[BlackElo "1963"]
[Annotator "NA RC"]
[PlyCount "149"]
[EventDate "2023.12.02"]
[EventType "swiss"]
[EventCountry "ESP"]
[SourceTitle "playchess.com"]
[Source "ChessBase"]
[SourceQuality "1"]
[TimeControl "5400+30"]

1. e4 e5 2. Nf3 d6 3. d4 exd4 4. Nxd4 Nf6 5. Nc3 Be7 6. Bf4 O-O 7. Qd2 d5 8. exd5 Nxd5 9. Nxd5 Qxd5 10. Be2 Bf6 11. Nb5 Qxg2 12. O-O-O Bf5 13. f3 Nc6 14. Rhg1 Qf2 15. Be3 Qxh2 16. Bf4 Qf2 17. Be3 Qh4 18. Nxc7 Qa4 19. a3 Rad8 20. Bb5 Rxd2 21. Bxa4 Rxd1+ 22. Rxd1 Ne5 23. Nd5 Bh4 24. Rd4 Bd8 25. Rf4 Bd7 26. Bxd7 Nxd7 27. Rg4 b6 28. Bh6 g6 29. Bxf8 Kxf8 30. Kd2 Nf6 31. Rd4 Nxd5 32. Rxd5 Ke7 33. Ke3 Bc7 34. Rd1 h5 35. Ke4 f5+ 36. Ke3 g5 37. a4 h4 38. Kf2 h3 39. Rh1 h2 40. Kg2 Be5 41. b3 g4 42. fxg4 fxg4 43. Rd1 a5 44. Rd5 Ke6 45. Rd8 g3 46. Rd3 Bd6 47. c3 Be5 48. b4 Bd6 49. bxa5 bxa5 50. c4 Bc7 51. Rd5 Bb6 52. Kh1 Bc7 53. Kg2 Bb6 54. Rd3 Bf2 55. Rd8 Bb6 56. Rg8 Bf2 57. Ra8 Ke5 58. Rd8 Bb6 59. Rd5+ Ke6 60. Rh5 Bc7 61. c5 Kd7 62. Rh6 Be5 63. Ra6 Kc7 64. Rxa5 Bd4 65. Rb5 Kc6 66. Rb3 Kxc5 67. Rxg3 Bg1 68. Rb3 Kc6 69. a5 Kc7 70. a6 Kc8 71. Rb7 Bd4 72. Kxh2 Be5+ 73. Kg2 Bd4 74. Kf3 Bc5 75. Ke4 1-0

[Event "XX Gran Hotel Bali-B 2023"]
[Site "Benidorm"]
[Date "2023.12.04"]
[Round "5.6"]
[White "Viciano Barrachina, Aitor"]
[Black "Tejedor Barber, Lorenzo"]
[Result "1/2-1/2"]
[ECO "D00"]
[WhiteElo "1878"]
[BlackElo "1951"]
[Annotator "NA RC"]
[PlyCount "68"]
[EventDate "2023.12.02"]
[EventType "swiss"]
[EventCountry "ESP"]
[SourceTitle "playchess.com"]
[Source "ChessBase"]
[SourceQuality "1"]
[TimeControl "5400+30"]

1. d4 d5 2. Bf4 c5 3. e3 Nc6 4. c3 Qb6 5. Qb3 c4 6. Qxb6 axb6 7. Nd2 b5 8. a3 Nf6 9. Rc1 Bf5 10. Ngf3 h6 11. h3 e6 12. Be2 Kd7 13. O-O Bd6 14. Bxd6 Kxd6 15. Rfe1 g5 16. Nh2 Rag8 17. g4 Bg6 18. Kg2 h5 19. Rh1 Nd7 20. Bd1 f5 21. Bc2 Nf6 22. f3 Ne7 23. Kg3 Rh7 24. Bb1 Rgh8 25. Kg2 hxg4 26. hxg4 Rh4 27. gxf5 exf5 28. Rcg1 f4 29. e4 dxe4 30. fxe4 Ng4 31. Nxg4 Rxg4+ 32. Kf2 Rxg1 33. Rxg1 Rh2+ 34. Rg2 Rxg2+ 1/2-1/2

[Event "XX Gran Hotel Bali-B 2023"]
[Site "Benidorm"]
[Date "2023.12.04"]
[Round "5.7"]
[White "Castillo Garcia, Adrian"]
[Black "Sham R"]
[Result "1/2-1/2"]
[ECO "A36"]
[WhiteElo "1974"]
[BlackElo "1828"]
[Annotator "NA RC"]
[PlyCount "91"]
[EventDate "2023.12.02"]
[EventType "swiss"]
[EventCountry "ESP"]
[SourceTitle "playchess.com"]
[Source "ChessBase"]
[SourceQuality "1"]
[TimeControl "5400+30"]

1. c4 g6 2. Nc3 Bg7 3. g3 e5 4. Bg2 Ne7 5. e4 d6 6. Nge2 c5 7. O-O Nbc6 8. d3 O-O 9. Nd5 Nd4 10. Rb1 Nxe2+ 11. Qxe2 Nxd5 12. cxd5 a5 13. f4 exf4 14. gxf4 f5 15. b3 b6 16. e5 Re8 17. Bb2 Ra7 18. Rbe1 Ba6 19. Rd1 Qe7 20. Rfe1 Qh4 21. Qf2 Qxf2+ 22. Kxf2 Rd7 23. d4 c4 24. Ba3 Bf8 25. Bf1 b5 26. bxc4 bxc4 27. e6 Rb7 28. Rb1 Be7 29. Rxb7 Bxb7 30. Bxc4 Bh4+ 31. Ke2 Bxe1 32. Kxe1 Rc8 33. Bb3 a4 34. Bxa4 Ra8 35. e7 Kf7 36. e8=Q+ Rxe8+ 37. Bxe8+ Kxe8 38. Bxd6 Kd7 39. Bf8 Bxd5 40. a3 Kc6 41. Kf2 Kb5 42. Kg3 Kc4 43. Bc5 Kd3 44. a4 Ke3 45. Bd6 Kxd4 46. h4 1/2-1/2

[Event "XX Gran Hotel Bali-B 2023"]
[Site "Benidorm"]
[Date "2023.12.04"]
[Round "5.8"]
[White "Gyaneshwar B"]
[Black "Stanchev, Aleksandar"]
[Result "1/2-1/2"]
[ECO "E18"]
[WhiteElo "1712"]
[BlackElo "1948"]
[Annotator "NA RC"]
[PlyCount "85"]
[EventDate "2023.12.02"]
[EventType "swiss"]
[EventCountry "ESP"]
[SourceTitle "playchess.com"]
[Source "ChessBase"]
[SourceQuality "1"]
[TimeControl "5400+30"]

1. d4 Nf6 2. c4 e6 3. g3 d5 4. Bg2 Be7 5. Nf3 O-O 6. O-O b6 7. cxd5 exd5 8. Nc3 Bb7 9. Bf4 Nbd7 10. Ne5 Ne4 11. Nxe4 dxe4 12. Qc2 Nf6 13. Rfd1 Re8 14. Rac1 Bd6 15. h4 Qe7 16. Be3 h6 17. a3 a5 18. Bh3 Nd5 19. Nc4 Rad8 20. Qb3 Bc8 21. Bxc8 Rxc8 22. Kg2 Qe6 23. Re1 Kh8 24. f4 exf3+ 25. exf3 Qg6 26. Nxd6 Qxd6 27. Bf2 c6 28. Re4 f5 29. Ree1 Qd7 30. Qd1 Rxe1 31. Qxe1 Re8 32. Qd2 Re6 33. Re1 Kg8 34. Re5 Rxe5 35. dxe5 Qe6 36. f4 g5 37. Bxb6 Nxb6 38. Qd8+ Kh7 39. Qxb6 Qd5+ 40. Kf2 Qd2+ 41. Kf1 Qd1+ 42. Kf2 Qd2+ 43. Kf1 1/2-1/2

[Event "XX Gran Hotel Bali-B 2023"]
[Site "Benidorm"]
[Date "2023.12.04"]
[Round "5.10"]
[White "Castrillon Otero, Javier"]
[Black "Kao, Jamison Edrich"]
[Result "0-1"]
[ECO "D30"]
[WhiteElo "1938"]
[BlackElo "1701"]
[Annotator "NA RC"]
[PlyCount "122"]
[EventDate "2023.12.02"]
[EventType "swiss"]
[EventCountry "ESP"]
[SourceTitle "playchess.com"]
[Source "ChessBase"]
[SourceQuality "1"]
[TimeControl "5400+30"]

1. Nf3 d5 2. d4 Nf6 3. c4 e6 4. cxd5 exd5 5. Bg5 h6 6. Bh4 g5 7. Bg3 Bb4+ 8. Nfd2 O-O 9. Nc3 Re8 10. e3 c5 11. a3 Ba5 12. Nb3 Ne4 13. Rc1 Nc6 14. Nxa5 Qxa5 15. Be2 cxd4 16. exd4 Nxc3 17. Rxc3 Bg4 18. f3 Bf5 19. O-O Qb6 20. Rb3 Qxd4+ 21. Bf2 Qe5 22. Re1 Qc7 23. h4 Rad8 24. hxg5 hxg5 25. Qc1 f6 26. Bxa7 Rd7 27. Bf2 Rh7 28. f4 Qxf4 29. Qxf4 gxf4 30. Bf3 Rxe1+ 31. Bxe1 Be4 32. Bc3 f5 33. Kf2 d4 34. Bd2 Ne5 35. Kg1 Rg7 36. Kf1 Ng6 37. Be1 Rc7 38. Bd2 Rc2 39. Ke1 Nh4 40. Kd1 d3 41. Bxf4 Nxf3 42. gxf3 Bxf3+ 43. Ke1 Re2+ 44. Kf1 Bg2+ 45. Kg1 Be4 46. Kf1 Kf7 47. Rb6 Bg2+ 48. Kg1 d2 49. Bxd2 Rxd2 50. a4 Bc6 51. a5 Rg2+ 52. Kf1 Rg6 53. Kf2 Be4 54. Rb5 Rd6 55. Ke3 Kf6 56. b4 Rd3+ 57. Kf2 Ra3 58. Rc5 Kg5 59. Rc8 Ra4 60. Rc4 Kf4 61. Ke2 Ra2+ 0-1

[Event "XX Gran Hotel Bali-B 2023"]
[Site "Benidorm"]
[Date "2023.12.04"]
[Round "5.11"]
[White "Exposito Perez, Luis"]
[Black "Blanco Garcia Bajo, David"]
[Result "0-1"]
[ECO "E12"]
[WhiteElo "1922"]
[BlackElo "1812"]
[Annotator "NA RC"]
[PlyCount "118"]
[EventDate "2023.12.02"]
[EventType "swiss"]
[EventCountry "ESP"]
[SourceTitle "playchess.com"]
[Source "ChessBase"]
[SourceQuality "1"]
[TimeControl "5400+30"]

1. d4 Nf6 2. c4 e6 3. Nf3 b6 4. Nc3 Bb7 5. Bg5 Be7 6. e3 h6 7. Bh4 Ne4 8. Bxe7 Qxe7 9. Be2 d6 10. Rc1 f5 11. d5 Nxc3 12. Rxc3 e5 13. Qc2 O-O 14. e4 Bc8 15. Nd2 a5 16. Bf3 Na6 17. exf5 Bxf5 18. Be4 Qd7 19. O-O Nc5 20. Bxf5 Qxf5 21. Qxf5 Rxf5 22. g3 Raf8 23. Re3 g5 24. b3 Kg7 25. Kg2 Kg6 26. a3 Nd7 27. Ne4 g4 28. Rc1 Nf6 29. Nxf6 R5xf6 30. Rc2 Rf3 31. Rce2 h5 32. b4 axb4 33. axb4 Rxe3 34. Rxe3 Ra8 35. c5 bxc5 36. bxc5 Ra5 37. cxd6 cxd6 38. f4 Rxd5 39. fxe5 Rxe5 40. Rd3 d5 41. Rd4 Kf5 42. Kf2 Ke6 43. Ra4 Kd6 44. Ra6+ Kc5 45. Ra8 Kb4 46. Rb8+ Kc3 47. Rc8+ Kd2 48. Rc5 Rf5+ 49. Kg2 Ke3 50. Ra5 Ke4 51. Ra4+ d4 52. h3 gxh3+ 53. Kxh3 Ke3 54. Ra7 d3 55. Re7+ Kf2 56. Rd7 Ke2 57. Re7+ Kd1 58. Kh4 d2 59. Rd7 Re5 0-1

[Event "XX Gran Hotel Bali-B 2023"]
[Site "Benidorm"]
[Date "2023.12.04"]
[Round "5.12"]
[White "Sanchez Lopez, Jesus"]
[Black "Rupesh Sai S"]
[Result "1-0"]
[ECO "B11"]
[WhiteElo "1993"]
[BlackElo "1210"]
[Annotator "NA RC"]
[PlyCount "75"]
[EventDate "2023.12.02"]
[EventType "swiss"]
[EventCountry "ESP"]
[SourceTitle "playchess.com"]
[Source "ChessBase"]
[SourceQuality "1"]
[TimeControl "5400+30"]

1. e4 c6 2. Nc3 d5 3. Nf3 dxe4 4. Nxe4 Nf6 5. Qe2 Nxe4 6. Qxe4 Nd7 7. Bc4 Nf6 8. Ne5 e6 9. Qe2 Be7 10. c3 Qc7 11. d4 O-O 12. Bf4 Bd6 13. Bd3 c5 14. dxc5 Qxc5 15. O-O b6 16. Rfd1 Rd8 17. c4 Bb7 18. a3 h6 19. b4 Qc7 20. Rac1 Rac8 21. Bg3 Nd7 22. Nxf7 Bxg3 23. Qxe6 Bxh2+ 24. Kh1 Nf6 25. Nxd8+ Kf8 26. Qxf6+ gxf6 27. Ne6+ Kf7 28. Nxc7 Bxc7 29. Bf5 Rd8 30. Rxd8 Bxd8 31. Rd1 Ke8 32. Bh3 a5 33. Rd7 Bc8 34. Rh7 Bxh3 35. gxh3 axb4 36. axb4 Be7 37. Rxh6 Bxb4 38. Rxf6 1-0

[Event "XX Gran Hotel Bali-B 2023"]
[Site "Benidorm"]
[Date "2023.12.05"]
[Round "6.1"]
[White "Vladut, Matei"]
[Black "Talledo Lagos, Cesar Frank"]
[Result "0-1"]
[ECO "A13"]
[WhiteElo "1989"]
[BlackElo "1993"]
[Annotator "NA RC"]
[PlyCount "80"]
[EventDate "2023.12.02"]
[EventType "swiss"]
[EventCountry "ESP"]
[SourceTitle "playchess.com"]
[Source "ChessBase"]
[SourceQuality "1"]
[TimeControl "5400+30"]

1. c4 e6 2. g3 d5 3. Bg2 a6 4. Nf3 dxc4 5. a4 Nc6 6. Qc2 e5 7. Qxc4 Be6 8. Qc2 Nf6 9. d3 Bb4+ 10. Bd2 Bxd2+ 11. Nbxd2 O-O 12. O-O Re8 13. b4 e4 14. dxe4 Nxb4 15. Qb2 a5 16. Nd4 Qe7 17. e5 Nfd5 18. e4 Nb6 19. f4 Rad8 20. N2f3 c5 21. Nf5 Bxf5 22. exf5 c4 23. Qf2 Qc7 24. Nd4 Rxd4 25. Qxd4 Nc2 26. Qe4 Nxa1 27. Rxa1 c3 28. Qxb7 Qc5+ 29. Kf1 Qc4+ 30. Kf2 Qd4+ 31. Kf1 c2 32. Re1 Qd3+ 33. Kg1 Qd2 34. Qe4 c1=Q 35. Rxc1 Qxc1+ 36. Kf2 Qd2+ 37. Kg1 Qd1+ 38. Bf1 Rd8 39. Qb7 Qd4+ 40. Kg2 Qd5+ 0-1

[Event "XX Gran Hotel Bali-B 2023"]
[Site "Benidorm"]
[Date "2023.12.05"]
[Round "6.2"]
[White "Sempere Domenech, Abel"]
[Black "Haag Vetter, Michael Harry"]
[Result "1-0"]
[ECO "D31"]
[WhiteElo "1981"]
[BlackElo "1971"]
[Annotator "RC"]
[PlyCount "101"]
[EventDate "2023.12.02"]
[EventType "swiss"]
[EventCountry "ESP"]
[SourceTitle "playchess.com"]
[Source "ChessBase"]
[SourceQuality "1"]
[TimeControl "5400+30"]

1. d4 d5 2. c4 e6 3. Nc3 c6 4. Nf3 dxc4 5. a4 Bb4 6. e3 b5 7. Bd2 a5 8. axb5 Bxc3 9. Bxc3 cxb5 10. b3 Bb7 11. bxc4 b4 12. Bb2 Nf6 13. Bd3 Nbd7 14. O-O O-O 15. c5 Qc7 16. Bc2 Rfd8 17. Qb1 h5 18. Ng5 Ng4 19. g3 Ndf6 20. e4 h4 21. e5 hxg3 22. hxg3 Nxe5 23. dxe5 Qc6 24. Bh7+ Kf8 25. f3 Qxc5+ 26. Kh2 Rd2+ 27. Kh3 Nxh7 28. Qxh7 Rxb2 29. Qh8+ Ke7 30. Qxg7 Rf8 31. Rac1 Rc2 32. Qf6+ Ke8 33. Rfd1 Bd5 34. Ne4 Qc6 35. Rxd5 exd5 36. Nd6+ Kd7 37. Qf5+ Ke7 38. Rxc2 Qd7 39. g4 Qxf5 40. gxf5 Rd8 41. Rc7+ Rd7 42. Rc8 Rxd6 43. exd6+ Kxd6 44. Ra8 Kc5 45. Rxa5+ Kc4 46. Ra7 b3 47. Rxf7 d4 48. Rc7+ Kd3 49. f6 b2 50. Rb7 Kc2 51. f7 1-0

[Event "XX Gran Hotel Bali-B 2023"]
[Site "Benidorm"]
[Date "2023.12.05"]
[Round "6.3"]
[White "Blanco Garcia Bajo, David"]
[Black "Navarro Rico, Lluis"]
[Result "0-1"]
[ECO "B23"]
[WhiteElo "1812"]
[BlackElo "1937"]
[Annotator "NA RC"]
[PlyCount "48"]
[EventDate "2023.12.02"]
[EventType "swiss"]
[EventCountry "ESP"]
[SourceTitle "playchess.com"]
[Source "ChessBase"]
[SourceQuality "1"]
[TimeControl "5400+30"]

1. e4 c5 2. Nc3 e6 3. g3 d5 4. exd5 exd5 5. d4 cxd4 6. Qxd4 Nf6 7. Bg5 Nc6 8. Bb5 Be7 9. O-O-O O-O 10. Qd2 Qa5 11. Re1 d4 12. Nd5 Qxd2+ 13. Kxd2 Nxd5 14. Bxc6 Bxg5+ 15. f4 Nxf4 16. gxf4 Bxf4+ 17. Kd3 bxc6 18. Kxd4 c5+ 19. Kxc5 Bb7 20. Nh3 Rac8+ 21. Kb4 Bd6+ 22. Ka5 Rc5+ 23. Ka4 Bc6+ 24. Kb3 Rb8+ 0-1